 Dungeon Crawl Stone Soup version 0.31.0-32-g396128a36d (webtiles) character file.

Game seed: 3286719665259098932

889 PaiMei the Scholar of Death (level 7, -2/53 HPs)
             Began as a Demonspawn Necromancer on Apr 11, 2024.
             Was a Follower of Kikubaaqudgha.
             Slain by an ice beast (8 damage)
             ... on level 5 of the Dungeon.
             The game lasted 00:07:10 (5887 turns).

PaiMei the Scholar of Death (DsNe)                  Turns: 5887, Time: 00:07:11

Health: -2/53      AC:  5    Str:  8    XL:     7   Next: 77%
Magic:  4/13       EV: 13    Int: 20    God:    Kikubaaqudgha [*.....]
Gold:   284        SH:  0    Dex: 14    Spells: 10/14 levels left

rFire   + . .        s - +8 long sword of Gin and Tonic {freeze, rF+ rN+ Int+3}
rCold   . . .        (no shield)
rNeg    + . .        x - +1 robe {Will+}
rPois   .            (no helmet)
rElec   .            c - +0 cloak
rCorr   .            (no gloves)
SInv    .            D - +0 pair of boots
Will    +....        (no amulet)
Stlth   ++           (no ring)
HPRegen 0.28/turn    (no ring)
MPRegen 0.13/turn

%: no passive effects
@: no status effects
A: foul stench 1, powered by death 1, sturdy frame 1, demonic touch 1
a: Renounce Religion, Unearth Wretches


You were on level 5 of the Dungeon.
You worshipped Kikubaaqudgha.
Kikubaaqudgha was aware of your devotion.
You visited 1 branch of the dungeon, and saw 6 of its levels.

You collected 284 gold pieces.

Inventory:

Hand Weapons
 s - the +8 long sword of Gin and Tonic (weapon) {freeze, rF+ rN+ Int+3}
   (You found it on level 2 of the Dungeon)

   Int+3:     It affects your intelligence (+3).
   rF+:       It protects you from fire.
   rN+:       It protects you from negative energy.
 u - the +11 mace of Seboag {flame, rF+ SInv Stlth+}
   (You found it on level 3 of the Dungeon)

   rF+:       It protects you from fire.
   SInv:      It lets you see invisible.
   Stlth+:    It makes you more stealthy.
Missiles
 k - 11 poisoned darts (quivered)
 y - 3 javelins
Armour
 c - a +0 cloak (worn)
 x - a +1 robe of willpower (worn)
 D - a +0 pair of boots (worn)
Magical Staves
 a - a staff of death
Jewellery
 e - an amulet of faith
Wands
 A - a wand of flame (26)
Scrolls
 f - 2 scrolls of teleportation {unknown}
 g - 3 scrolls of enchant armour {unknown}
 h - 2 scrolls of revelation {unknown}
 l - 3 scrolls of vulnerability {unknown}
 m - a scroll of fear {unknown}
 p - a scroll of amnesia {unknown}
 r - a scroll of poison {unknown}
 v - a scroll of fog {unknown}
 z - a scroll of identify {unknown}
 C - a scroll of blinking {unknown}
Potions
 b - a potion of magic
 d - a potion of heal wounds {unknown}
 i - a potion of mutation {unknown}
 j - a potion of ambrosia {unknown}
 n - a potion of lignification {unknown}
 o - 2 potions of haste {unknown}
 q - a potion of berserk rage {unknown}
 t - a potion of curing
 w - 2 potions of might {unknown}
 B - a potion of enlightenment {unknown}


   Skills:
 + Level 3.8 Fighting
 + Level 4.3 Dodging
 - Level 2.2 Stealth
 + Level 4.4 Spellcasting
 + Level 6.5 Necromancy


You had 10 spell levels left.
You knew the following spells:

 Your Spells              Type           Power      Damage    Failure   Level
a - Necrotise             Necr           100%       1d9       1%          1
b - Vampiric Draining     Necr           30%        2d8       2%          3

Your spell library contained the following spells:

 Spells                   Type           Power      Damage    Failure   Level
 Fugue of the Fallen      Necr           30%        N/A       2%          3
 Kiss of Death            Conj/Necr      68%        2d10      3%          1
 Animate Dead             Necr           30%        N/A       9%          4
 Freeze                   Ice            16%        1d4       12%         1
 Scorch                   Fire           8%         2d5       19%         2
 Curse of Agony           Necr           30%        N/A       22%         5
 Frozen Ramparts          Ice            8%         1d2       36%         3
 Hailstorm                Conj/Ice       4%         3d5       36%         3
 Tukima's Dance           Hex            4%         N/A       36%         3
 Flame Wave               Conj/Fire      4%         2d5       77%         4
 Passage of Golubria      Tloc           4%         N/A       77%         4
 Yara's Violent Unravell  Hex/Alch       2%         3d3       98%         5
 Summon Cactus Giant      Summ           2%         N/A       100%        6
 Chain Lightning          Conj/Air       2%         3d2       100%        9
 Fire Storm               Conj/Fire      2%         8d1       100%        9
 Shatter                  Erth           2%         3d6*      100%        9


Dungeon Overview and Level Annotations

Branches:
Dungeon (6/15)             Temple (0/1) D:5

Altars:
Fedhas
Gozag
Kikubaaqudgha
Makhleb
Nemelex Xobeh

Annotations:
D:4 Ijyb


Innate Abilities, Weirdness & Mutations

You may rarely emit foul miasma when damaged in melee.
You regenerate a little health from kills.
Your movements are slightly less encumbered by armour. (ER -2)
Your touch may inflict minor irresistible damage on your foes.


Message History

The orc hits you with a +0 war axe!
You emit a cloud of foul miasma!
The ice beast hits you but does no damage.
There is a stone staircase leading up, spattered with blood here.
Casting: Vampiric Draining (dangerous; 2% risk of failure)
Confirm with . or Enter, or press ? or * to list all spells.
Aiming: Vampiric Draining (dangerous; 2% risk of failure)
Press: ? - help, Shift-Dir - straight line, f - orc
Aim: an orc, wielding a +0 war axe (foul pestilence)
You draw life force from the orc!
You kill the orc!
Kikubaaqudgha accepts your kill.
You feel life coursing into your body.
The centaur shoots an arrow.
The arrow barely misses you. The ice beast hits you. The ice beast freezes you.
The centaur shoots an arrow.
The arrow hits you!
Casting: Vampiric Draining (dangerous; 2% risk of failure)
Confirm with . or Enter, or press ? or * to list all spells.
Aiming: Vampiric Draining (dangerous; 2% risk of failure)
Press: ? - help, Shift-Dir - straight line, f - ice beast
Aim: an ice beast You draw life force from the ice beast!
You feel life coursing into your body.
The centaur shoots an arrow.
The arrow hits you! The ice beast hits you. The ice beast freezes you!
* * * LOW HITPOINT WARNING * * *
The centaur shoots an arrow.
The arrow hits you.
* * * LOW HITPOINT WARNING * * *
The ice beast closely misses you.
The centaur shoots an arrow.
The arrow completely misses you.
You climb upwards.
There is a stone staircase leading down here.
Casting: Vampiric Draining (dangerous; 2% risk of failure)
Confirm with . or Enter, or press ? or * to list all spells.
Aiming: Vampiric Draining (dangerous; 2% risk of failure)
Press: ? - help, Shift-Dir - straight line, f - ice beast
Aim: an ice beast (heavily wounded)
You draw life force from the ice beast!
You feel life coursing into your body. The ice beast hits you.
* * * LOW HITPOINT WARNING * * *
The ice beast freezes you!
You die...
Kikubaaqudgha rasps: "You have failed me!
Welcome... death!"

####...##.<# #
#...##..# #
##.###..# #.# #..#
#.# #..##
##.###.#.######
####...#<###.....#
........## ##.##Y#
####...#.###..##@#
######.#.#.##†#
##.##.##.#
####.##.# #.##.#
##### #####.##.#
....# #........#
###.#####.###.####
#...........#


You could see an ice beast.

Vanquished Creatures
  Grinder (D:4)
  An ice beast (D:5)
  An ogre (D:5)
  A phantom (D:5)
  A bullfrog (D:5)
  2 scorpions
  3 hounds
  An orc priest (D:5)
  An orc wizard (D:5)
  An adder (D:5)
  2 ufetubi (D:5)
  2 dart slugs
  17 orcs
  5 endoplasms
  A giant cockroach (D:3)
  13 goblins
  3 hobgoblins
  8 ball pythons
  5 bats
  2 frilled lizards
  4 kobolds
  2 rats
77 creatures vanquished.

Vanquished Creatures (collateral kills)
  A frilled lizard (D:2)
1 creature vanquished.

Grand Total: 78 creatures vanquished

Notes
Turn   | Place    | Note
-------+----------+-------------------------------------------
     0 | D:1      | PaiMei the Demonspawn Necromancer began the quest for the
                  | Orb.
     0 | D:1      | Reached XP level 1. HP: 13/13 MP: 3/3
   302 | D:1      | Gained mutation: You may rarely emit foul miasma when
                  | damaged in melee. [demonic ancestry]
   302 | D:1      | Reached XP level 2. HP: 19/19 MP: 0/5
  1125 | D:2      | Found an ancient bone altar of Kikubaaqudgha.
  1133 | D:2      | Became a worshipper of Kikubaaqudgha
  1311 | D:2      | Found a faded altar of an unknown god.
  1497 | D:2      | Identified the +8 long sword of Gin and Tonic {freeze, rF+
                  | rN+ Int+3}
  2037 | D:3      | Gained mutation: You regenerate a little health from kills.
                  | [demonic ancestry]
  2037 | D:3      | Reached XP level 3. HP: 22/24 MP: 1/6
  2045 | D:3      | Learned a level 3 spell: Vampiric Draining
  2291 | D:3      | Identified the +11 mace of Seboag {flame, rF+ SInv Stlth+}
  2582 | D:3      | Found an opulent altar of Gozag.
  3167 | D:4      | Noticed Ijyb
  3583 | D:4      | Noticed a scorpion
  3590 | D:4      | Killed a scorpion
  3591 | D:4      | Reached skill level 1 in Fighting
  3591 | D:4      | Reached skill level 5 in Necromancy
  3591 | D:4      | Gained mutation: Your movements are slightly less
                  | encumbered by armour. (ER -2) [demonic ancestry]
  3591 | D:4      | Reached XP level 4. HP: 32/32 MP: 0/8
  3607 | D:4      | Gained mutation: Your touch may inflict minor irresistible
                  | damage on your foes. [demonic ancestry]
  3607 | D:4      | Reached XP level 5. HP: 37/37 MP: 0/9
  3689 | D:4      | Reached * piety under Kikubaaqudgha
  3689 | D:4      | Received a gift from Kikubaaqudgha
  3994 | D:4      | Noticed Grinder
  4018 | D:4      | Killed Grinder
  4019 | D:4      | Reached XP level 6. HP: 19/46 MP: 7/11
  4227 | D:4      | Found a blossoming altar of Fedhas.
  4239 | D:4      | Found a burning altar of Makhleb.
  4240 | D:4      | Noticed an angel
  4240 | D:4      | Noticed a blizzard demon
  4345 | D:4      | Found a sparkling altar of Nemelex Xobeh.
  4465 | D:5      | Entered Level 5 of the Dungeon
  4844 | D:5      | Reached skill level 6 in Necromancy
  4844 | D:5      | Reached XP level 7. HP: 16/52 MP: 3/12
  5488 | D:5      | Found a staircase to the Ecumenical Temple.
  5887 | D:5      | Slain by an ice beast

Illustrated notes

Levels and vault maps discovered:
D:1:      eino_arrival_water_star, layout_basic
D:2:      layout_basic, basic_altar, chequers_ecumenical_altar_lobes
D:3:      layout_loops_corners, mainiacjoe_overflow_catwalk, hex_large,
          kennysheep_generic_room_8
D:4:      kennysheep_the_goblin_king, layout_basic,
          grunt_temple_overflow_order_and_chaos_2,
          gammafunk_temple_overflow_claw, serial_forest,
          infiniplex_forest_clump_long, infiniplex_forest_clump_small,
          infiniplex_forest_straight_2, infiniplex_forest_clump_medium,
          infiniplex_forest_clump_double, infiniplex_forest_end_double,
          infiniplex_forest_corner_2, uniq_grinder
D:5:      layout_loops_ring, minmay_temple_entry_statues
D:6:      layout_basic, regret_index_temple_of_mockery,
          mainiacjoe_overflow_big_doors, portal_sewer_entry_d, serial_shops,
          nicolae_lakefront_shop

Skill      XL: |  1  2  3  4  5  6  7 |
---------------+----------------------+-----
Stealth        | 2 |  2.2
Dodging        | 2 3 4 |  4.3
Fighting       | 1 2 3 |  3.8
Necromancy     | 5 6 |  6.5
Spellcasting   | 3 4 |  4.4

Action                     |  1- 3 |  4- 6 |  7- 9 || total
---------------------------+-------+-------+-------++-------
  Melee: Club              |    14 |       |       ||    14
         Short sword       |     7 |       |       ||     7
         Unarmed           |     1 |       |       ||     1
         Long sword        |    17 |    41 |    17 ||    75
         Touch             |       |     4 |     3 ||     7
         Punch             |       |     1 |     1 ||     2
   Cast: Necrotise         |    68 |    24 |     9 ||   101
         Vampiric Draining |     2 |     9 |     8 ||    19
    Use: Potion            |       |     1 |       ||     1
   Stab: Sleeping          |     1 |       |       ||     1
 Armour: Robe              |    34 |    37 |    34 ||   105
  Dodge: Dodged            |    34 |    50 |    29 ||   113
